Map: Tropical Sacrifice

Players

Raza

  • Race: Terran Terran
  • Spawn Location: 7:00

TeebuL - Winner!

  • Race: Protoss Protoss
  • Spawn Location: 1:00

Event: DreamHack SC2 Masters 2022 Atlanta (Online)

VOD

Have the link to the VOD?

Description

Time

  • Played on: Sept. 28, 2022, 4:43 a.m.
  • Length: 13:52

All games in this series

Show
View Real Time Build Order
Export as new Build Order

Raza Terran 

Build Orders:  

Get SALT Encoding   

  12  0:00  SCV  
  13  0:12  SCV  
  14  0:17  Supply Depot  
  14  0:24  SCV  
  15  0:39  SCV  
  15  0:40  Barracks  
  16  0:44  Refinery  
  16  0:51  SCV  
  17  1:03  SCV  
  18  1:15  SCV  
  19  1:27  Orbital Command, Marine  
  20  1:44  Command Center  
  20  1:51  Marine  
  22  1:59  Factory  
  21  2:07  Bunker  
  21  2:10  SCV  
  21  2:11  Barracks Reactor  
  22  2:17  Refinery  
  22  2:22  SCV  
  23  2:33  Supply Depot  
  23  2:43  Factory Tech Lab  
  23  2:45  Barracks  
  23  2:55  SCV, Marine x2  
  26  3:01  Cyclone  
  29  3:09  Orbital Command  
  29  3:13  SCV  
  29  3:19  Marine x2  
  32  3:27  Barracks  
  32  3:30  SCV  
  32  3:32  Orbital Command  
  32  3:33  Barracks Tech Lab  
  33  3:39  Marine x2  
  35  3:46  Siege Tank  
  35  3:47  SCV  
  39  3:55  Engineering Bay  
  39  4:00  Stimpack  
  39  4:02  SCV  
  40  4:06  Supply Depot, Marine  
  41  4:15  Marine  
  41  4:16  SCV  
  43  4:21  SCV  
  44  4:24  Missile Turret  
  44  4:28  SCV  
  44  4:29  Marine  
  46  4:34  Marine  
  46  4:35  Marine  
  48  4:44  Combat Shield  
  49  4:47  Marine  
  49  4:48  SCV  
  49  4:51  Supply Depot  
  49  4:52  SCV  
  51  4:59  Starport  
  51  5:03  Factory Reactor  
  51  5:04  Marauder  
  51  5:06  SCV  
  54  5:09  Supply Depot  
  54  5:12  SCV  
  54  5:13  Marauder  
  57  5:15  Marine  
  57  5:16  Marine  
  57  5:18  SCV  
  60  5:22  Supply Depot  
  60  5:27  Marauder  
  60  5:28  SCV  
  62  5:31  Supply Depot  
  62  5:32  Refinery  
  62  5:35  Marine x2  
  59  5:36  Marauder  
  59  5:39  Terran Infantry Weapons Level 1  
  59  5:40  SCV  
  64  5:43  SCV  
  65  5:52  Supply Depot, SCV  
  65  5:53  Marine x2  
  65  5:54  Refinery, Marauder  
  70  5:57  Concussive Shells  
  70  5:58  Marauder  
  68  6:12  SCV x2  
  68  6:16  Marauder  
  68  6:21  Marauder, Marine x2  
  68  6:22  Medivac  
  67  6:36  Marine  
  67  6:37  SCV x2  
  69  6:40  Medivac  
  69  6:41  Marine x2  
  69  6:43  Marauder  
  73  6:49  SCV x2  
  68  6:55  Marauder  
  68  6:58  Marine x2  
  70  7:03  Factory Reactor  
  70  7:04  Marauder  
  72  7:09  Medivac  
  72  7:12  SCV x2  
  76  7:16  Marauder  
  76  7:18  Marine x2  
  80  7:24  SCV  
  78  7:30  Factory Reactor  
  78  7:31  Marauder  
  78  7:32  SCV  
  78  7:34  Supply Depot  
  78  7:35  Marine  
  82  7:37  Marine  
  82  7:38  Marauder  
  82  7:39  Medivac  
  82  7:43  SCV  
  88  7:45  Terran Infantry Armor Level 1  
  88  7:51  SCV  
  88  7:53  Marine  
  88  7:54  Marauder  
  88  7:55  Marine  
  88  7:57  SCV  
  94  7:59  Marauder  
  94  8:02  Supply Depot  
  91  8:11  SCV, Marine  
  89  8:15  Widow Mine x2  
  89  8:16  Marauder  
  91  8:23  Marine  
  91  8:24  Marauder  
  96  8:29  SCV x2  
  96  8:30  Starport Reactor  
  96  8:36  Command Center  
  96  8:37  Widow Mine x2  
  96  8:38  Marauder, Marine  
  104  8:41  SCV  
  101  8:51  Marauder  
  101  8:54  Marine  
  103  8:56  SCV x2  
  103  9:00  Barracks x2, Widow Mine x2  
  109  9:05  Marine  
  109  9:10  Supply Depot  
  109  9:12  Marauder  
  109  9:14  Medivac  
  109  9:16  Medivac  
  115  9:19  SCV  
  115  9:23  Widow Mine  
  117  9:32  Widow Mine  
  117  9:35  Marauder x2, Marine x2  
  125  9:39  SCV  
  125  9:43  SCV  
  126  9:49  Barracks Reactor  
  126  9:51  SCV, Widow Mine  
  126  9:52  Marine  
  130  9:53  Marine  
  130  9:55  SCV  
  130  9:58  Widow Mine  
  134  10:05  Medivac  
  134  10:06  Medivac  
  138  10:07  Marine  
  138  10:12  Widow Mine  
  141  10:32  Barracks Tech Lab  
  141  10:33  Widow Mine, Marauder  
  141  10:34  Ghost Academy, Widow Mine  
  146  10:37  Marine  
  145  10:43  SCV  
  145  10:45  Marine  
  145  10:46  Marauder, Marine  
  134  10:52  Marine  
  134  10:53  Marauder  
  134  10:54  Widow Mine  
  134  10:55  Widow Mine  
  115  10:58  Marine  
  95  11:06  SCV x2  
  95  11:07  Marine  
  95  11:08  Marauder, Marine  
  101  11:16  Widow Mine, Orbital Command  
  101  11:17  Widow Mine  
  102  11:19  Marine x2  
  102  11:22  SCV  
  105  11:26  Enhanced Shockwaves  
  105  11:30  SCV  
  106  11:33  Ghost  
  106  11:38  Ghost  
  110  11:43  Ghost  
  110  11:44  Marine  
  110  11:45  Marine  
  114  11:49  Widow Mine  
  114  11:51  Widow Mine  
  118  11:57  Marine  
  114  12:02  Ghost  
  114  12:03  Marine x2  
  114  12:07  Marauder  
  103  12:11  Widow Mine  
  103  12:12  Marauder, Marine  
  77  12:24  Marine  
  77  12:27  Orbital Command  
  77  12:29  Marauder  
  70  12:30  Ghost  
  70  12:35  SCV  
  75  12:39  SCV  
  75  12:41  Widow Mine  
  75  12:43  Marine  
  79  12:45  Medivac x2  
  79  12:46  Marine  
  79  12:49  Marine  
  83  12:55  SCV  
  83  12:56  Marine  
  85  13:01  Ghost  
  85  13:04  Marine x2  
  89  13:10  Ghost  
  91  13:17  SCV  
  88  13:20  Marine x2  
  88  13:22  Marauder, Marine  
  88  13:25  Marine  
  89  13:31  Marauder  
  89  13:38  SCV  
Show
View Real Time Build Order
Export as new Build Order

TeebuL Protoss - Winner!

Build Orders: Oracle Opening, Blink Stalkers 

Get SALT Encoding   

  12  0:00  Probe  
  13  0:13  Pylon  
  13  0:18  Probe  
  14  0:31  Gateway  
  14  0:34  Probe (Chrono Boost)  
  15  0:44  Assimilator  
  15  0:45  Probe (Chrono Boost)  
  15  0:49  Probe (Chrono Boost)  
  16  0:54  Assimilator  
  17  1:00  Probe  
  18  1:13  Probe  
  19  1:19  Cybernetics Core  
  19  1:23  Pylon  
  19  1:25  Probe  
  20  1:29  Zealot  
  22  1:37  Probe  
  23  1:49  Probe  
  24  1:55  Stargate  
  24  1:56  Adept (Chrono Boost)  
  27  2:01  Probe  
  27  2:04  Warp Gate  
  27  2:37  Nexus  
  27  2:38  Oracle (Chrono Boost)  
  30  2:48  Pylon  
  30  2:53  Probe  
  31  3:10  Twilight Council, Probe  
  32  3:16  Gateway  
  32  3:26  Gateway  
  32  3:28  Probe  
  33  3:40  Probe  
  34  3:44  Blink (Chrono Boost)  
  34  3:52  Probe  
  34  3:55  Probe  
  36  4:04  Probe  
  36  4:06  Stalker  
  36  4:07  Probe  
  40  4:16  Probe, Stalker  
  43  4:19  Probe  
  44  4:26  Stalker  
  44  4:28  Probe  
  44  4:31  Stalker  
  49  4:37  Probe, Pylon  
  50  4:41  Probe  
  51  4:49  Probe  
  52  4:53  Probe  
  52  4:59  Stalker x3  
  59  5:01  Probe  
  59  5:04  Pylon  
  60  5:08  Assimilator  
  60  5:13  Probe  
  61  5:15  Probe  
  62  5:24  Gateway  
  62  5:26  Stalker x3  
  62  5:28  Probe  
  69  5:29  Probe  
  70  5:41  Nexus  
  70  5:44  Pylon  
  70  6:02  Probe x2  
  70  6:03  Stalker x3  
  74  6:14  Probe  
  74  6:16  Probe  
  68  6:29  Probe  
  68  6:30  Stalker x4  
  68  6:31  Probe  
  76  6:41  Charge (Chrono Boost), Probe  
  76  6:43  Probe  
  78  6:53  Probe  
  77  6:59  Stalker x4  
  77  7:00  Probe  
  82  7:01  Probe  
  82  7:05  Gateway x2, Probe  
  82  7:06  Gateway  
  84  7:12  Probe  
  85  7:24  Probe x2  
  87  7:32  Stalker x3  
  87  7:37  Gateway  
  93  7:38  Pylon  
  93  7:41  Pylon  
  93  7:42  Shield Battery, Pylon  
  93  7:56  Forge, Pylon  
  93  7:57  Zealot x4, Templar Archives  
  87  8:15  Stalker x3  
  91  8:23  Protoss Ground Weapons Level 1 (Chrono Boost), Zealot x4  
  99  8:34  Shield Battery, Zealot  
  99  8:39  Psionic Storm  
  97  8:45  Zealot x7  
  103  8:56  Probe x3  
  103  8:58  Robotics Facility  
  103  8:59  Zealot  
  108  9:05  Assimilator  
  108  9:06  Assimilator, Pylon  
  108  9:08  Probe x3  
  111  9:12  Stalker x3  
  111  9:15  Pylon x2  
  117  9:28  High Templar x2  
  119  9:34  Stalker x2  
  119  9:38  Photon Cannon  
  123  9:39  Shield Battery  
  123  9:42  Zealot x3  
  129  9:48  Assimilator  
  129  9:49  Pylon  
  125  10:01  Zealot x2, High Templar x2  
  125  10:05  Archon  
  133  10:09  Shield Battery, Photon Cannon  
  133  10:10  Pylon  
  133  10:11  High Templar  
  133  10:12  Zealot x2  
  139  10:22  Archon  
  139  10:27  High Templar  
  139  10:28  Zealot  
  139  10:34  Gateway  
  139  10:36  Gateway  
  139  10:44  Stalker  
  139  10:45  Stalker x3  
  135  10:53  Zealot x2  
  135  10:54  Protoss Ground Weapons Level 2 (Chrono Boost)  
  121  11:08  Zealot x4, High Templar  
  121  11:09  Warp Prism (Chrono Boost)  
  129  11:19  Nexus, Pylon  
  129  11:23  Nexus  
  129  11:25  Zealot, Robotics Bay, High Templar  
  133  11:31  Pylon  
  133  11:47  Robotics Facility  
  133  11:52  Zealot x8  
  139  12:05  Extended Thermal Lance  
  121  12:10  Colossus (Chrono Boost)  
  121  12:11  Archon  
  107  12:16  High Templar x2  
  83  12:30  Zealot x7  
  83  12:31  Probe (Chrono Boost)  
  83  12:32  Probe (Chrono Boost)  
  99  12:37  Probe (Chrono Boost)  
  99  12:38  Probe (Chrono Boost)  
  99  12:39  Colossus (Chrono Boost)  
  99  12:42  Probe (Chrono Boost)  
  104  12:52  Zealot x4  
  104  12:53  Zealot x2  
  104  12:57  High Templar x3  
  122  13:00  Archon  
  124  13:07  Shield Battery  
  124  13:08  Probe x2 (Chrono Boost)  
  124  13:09  Disruptor (Chrono Boost), Probe (Chrono Boost)  
  128  13:19  Probe (Chrono Boost)  
  129  13:20  Zealot x6  
  141  13:27  Archon  
  141  13:31  Stalker x3  
Tags
 
Add a new tag
Caveats
  • Supply blocks, unpowered buildings, or Contaminate may cause inaccurate times.
  • Supply counts are checked every 10 seconds.